 Dungeon Crawl Stone Soup version 0.31-a0-193-gdfe2569204 (webtiles) character file.

Game seed: 14848158828139201178

279 qw the Skirmisher (level 6, -1/35 HPs)
             Began as a Deep Elf Hunter on June 24, 2023.
             Slain by an iguana (9 damage)
             ... on level 4 of the Dungeon.
             The game lasted 00:01:16 (2735 turns).

qw the Skirmisher (Deep Elf Hunter)                 Turns: 2735, Time: 00:01:16

Health: -1/35      AC:  6    Str: 10    XL:     6   Next: 5%
Magic:  8/8        EV: 11    Int: 14    God:
Gold:   161        SH:  0    Dex: 18    Spells: 5/5 levels left

rFire   . . .        h - +1 shortbow (freeze)
rCold   . . .        (shield currently unavailable)
rNeg    . . .        d - +0 ring mail
rPois   .            e - +0 helmet
rElec   .            (no cloak)
rCorr   .            (no gloves)
SInv    .            (no boots)
Will    .....        (no amulet)
Stlth   +            (no ring)
HPRegen 0.25/turn    (no ring)
MPRegen 0.11/turn

%: no passive effects
@: lethally poisoned (-1 -> -4), about to teleport
A: no striking features
a: no special abilities


You were on level 4 of the Dungeon.
You visited 1 branch of the dungeon, and saw 4 of its levels.

You collected 161 gold pieces.


   Skills:
 - Level 2.2 Fighting
 + Level 9.3 Ranged Weapons
 - Level 2.4 Dodging
 - Level 1.2 Stealth


You had 5 spell levels left.
You didn't know any spells.
Your spell library was empty.

Inventory:

Hand Weapons
 h - a +1 shortbow of freezing (weapon)
Armour
 d - a +0 ring mail (worn)
 e - a +0 helmet (worn)
Scrolls
 f - a scroll of identify
Potions
 a - a potion of heal wounds
 b - a potion of brilliance {unknown}
 c - a potion of curing {unknown}
 k - 2 potions of haste
 l - a potion of attraction {unknown}

Dungeon Overview and Level Annotations

Branches:
Dungeon (4/15)             Temple (0/1) D:4

Altars:
Trog
Xom

Shops:
D:1 (


Message History

You kill the kobold!
The adder bites you but does no damage.
You shoot an arrow. The arrow hits the adder.
The adder seems to slow down.
The arrow freezes the adder.
The adder is moderately wounded.
The adder bites you but does no damage.
You shoot an arrow. The arrow barely misses the adder.
The adder is no longer moving slowly.
The adder barely misses you. The iguana misses you.
You shoot an arrow. The arrow hits the adder.
The adder seems to slow down.
The arrow freezes the adder.
The adder is almost dead.
The adder bites you. The iguana barely misses you.
You shoot an arrow. The arrow hits the adder!
The adder seems to slow down.
The arrow freezes the adder.
You kill the adder!
The scorpion stings you. The iguana bites you.
You shoot an arrow. The arrow closely misses the scorpion.
The scorpion barely misses you. The iguana barely misses you.
The scorpion stings you.
You are poisoned.
The scorpion poisons you!
You shoot an arrow. The arrow closely misses the scorpion.
You feel very sick.
The scorpion stings you but does no damage.
The iguana closely misses you.
You shoot an arrow.
The arrow hits the scorpion but does no damage.
You feel sick. The scorpion misses you. The iguana bites you!
The scorpion stings you but does no damage.
You shoot an arrow. The arrow hits the scorpion.
The arrow freezes the scorpion.
The scorpion is moderately wounded.
You feel sick.
The iguana bites you but does no damage.
The scorpion stings you.
2735 ||| READING scroll of teleportation.
As you read the scroll of teleportation, it crumbles to dust.
You feel strangely unstable.
You feel sick. The iguana bites you!
You die...

.%..###...# ..#
...........# ..#
##...........#
).##...#........#
.....# #.......#
).>.###.......#
#....##.....#######
#%ls##........%....
#.@##.......#######
. ##.#.........#
...#..........)...#
.................!#
####...)..........#
#......###.....#
##......##.....#
#.............#
#.....##..####


You could see a scorpion and an iguana.

Vanquished Creatures
  A jelly (D:4)
  2 orc priests
  An orc wizard (D:4)
  Robin (D:3)
  3 adders
  A worm (D:2)
  A dart slug (D:2)
  11 orcs
  11 endoplasms
  3 giant cockroaches
  14 goblins
  14 hobgoblins
  3 jackals (D:2)
  3 quokkas
  9 ball pythons
  5 bats
  9 frilled lizards
  4 kobolds
  9 rats
105 creatures vanquished.

Notes
Turn   | Place    | Note
-------+----------+-------------------------------------------
     0 | D:1      | qw the Deep Elf Hunter began the quest for the Orb.
     0 | D:1      | Reached XP level 1. HP: 12/12 MP: 3/3
     0 | D:1      | 0 ||| qw: Version: 0.3-a-9-g12657ce
     0 | D:1      | 0 ||| qw: Game counter: 4673
     0 | D:1      | 0 ||| qw: Always use a shield: true
     0 | D:1      | 0 ||| qw: God list: Okawaru
     0 | D:1      | 0 ||| qw: Allow faded altars: false
     0 | D:1      | 0 ||| qw: Do Orc after D:15 true
     0 | D:1      | 0 ||| qw: Do second Lair branch before Depths: true
     0 | D:1      | 0 ||| qw: Lair rune preference: random
     0 | D:1      | 0 ||| qw: Plans: Normal
     0 | D:1      | 0 ||| PLANNING D:1-11
   121 | D:1      | Reached XP level 2. HP: 16/16 MP: 4/4
   122 | D:1      | Reached skill level 6 in Ranged Weapons
   230 | D:1      | Found Ebliaddiwn's Weapon Emporium.
   243 | D:1      | 243 ||| SHOPLISTING +1 shortbow of draining (161 gold, have
                  | 6).
   288 | D:1      | Found a faded altar of an unknown god.
   380 | D:1      | You fall into a shaft and drop 1 floor!
   409 | D:2      | Reached XP level 3. HP: 20/20 MP: 5/5
   563 | D:2      | Reached skill level 7 in Ranged Weapons
   585 | D:2      | 585 ||| UPGRADING to +0 ring mail.
   595 | D:2      | 595 ||| DROPPING +0 leather armour.
   596 | D:2      | 596 ||| READING scroll labelled SEJEUDDEOSO.
   597 | D:2      | 597 ||| READING 2 scrolls labelled SOUPLU OCOSALL.
   598 | D:2      | 598 ||| READING scroll labelled AMORAXTABB.
   599 | D:2      | 599 ||| READING scroll labelled TAN PUWKUKKUEM.
   600 | D:2      | 600 ||| READING scroll labelled BIQOPR DAIMISK.
   601 | D:2      | 601 ||| READING scroll labelled TASTIZX QEROS.
   602 | D:2      | 602 ||| DRINKING 2 lumpy red potions.
   634 | D:2      | 634 ||| DROPPING scroll of butterflies.
   635 | D:2      | 635 ||| DROPPING scroll of noise.
   636 | D:2      | 636 ||| DROPPING potion of lignification.
   884 | D:1      | 884 ||| DRINKING 2 blue potions.
   985 | D:2      | HP: 5/20 [orc priest/+0 flail (1)]
   990 | D:2      | Reached XP level 4. HP: 5/25 MP: 6/6
  1038 | D:2      | 1038 ||| FLEEEEING.
  1053 | D:2      | 1053 ||| FLEEEEING.
  1054 | D:2      | 1054 ||| FLEEEEING.
  1172 | D:2      | 1172 ||| READING scroll of enchant weapon.
  1172 | D:2      | 1172 ||| ENCHANTING +1 shortbow.
  1405 | D:2      | Reached skill level 8 in Ranged Weapons
  1587 | D:2      | 1587 ||| READING scroll labelled UMEUDOU QIMIA.
  1809 | D:3      | Reached XP level 5. HP: 29/29 MP: 7/7
  1819 | D:3      | Noticed Robin
  1831 | D:3      | Killed Robin
  1831 | D:3      | HP: 5/29 [goblin/+0 club[Robin] (5)]
  2125 | D:3      | Found a shimmering altar of Xom.
  2127 | D:3      | Found a bloodstained altar of Trog.
  2127 | D:3      | Found a shimmering altar of Xom.
  2129 | D:3      | Found an iron altar of Okawaru.
  2129 | D:3      | Found a shimmering altar of Xom.
  2129 | D:3      | Found a bloodstained altar of Trog.
  2130 | D:3      | 2130 ||| PLANNING OKAWARU WORSHIP
  2130 | D:3      | 2130 ||| UPGRADING to +0 helmet.
  2143 | D:3      | 2143 ||| PLANNING D:1-11
  2578 | D:3      | 2578 ||| DROPPING ring of flight.
  2579 | D:3      | 2579 ||| READING scroll labelled IRHOAK XERYX.
  2580 | D:3      | 2580 ||| DRINKING 2 grey potions.
  2602 | D:4      | Reached skill level 9 in Ranged Weapons
  2705 | D:4      | Found a staircase to the Ecumenical Temple.
  2707 | D:4      | 2707 ||| PLANNING TEMPLE
  2707 | D:4      | 2707 ||| SWAPPING to +1 shortbow of freezing.
  2708 | D:4      | 2708 ||| DROPPING +2 shortbow.
  2723 | D:4      | Reached XP level 6. HP: 35/35 MP: 8/8
  2734 | D:4      | HP: 8/35 [scorpion (4)]
  2735 | D:4      | 2735 ||| READING scroll of teleportation.
  2735 | D:4      | Slain by an iguana

Levels and vault maps discovered:
D:1:      dpeg_arrival_three_bigger_balls, layout_basic, serial_shops, shop,
          nicolae_ecumenical_snake_handling, minmay_lizard_pond
D:2:      cheibrodos_greedy_goblins, layout_basic, hangedman_decor_growths
D:3:      layout_loops_corners, doesnt_xom_only_xom, guppyfry_early_lair_pool,
          uniq_robin
D:4:      layout_basic, minmay_temple_entry_wispy

Skill      XL: |  1  2  3  4  5 |
---------------+----------------+-----
Ranged Weapons | 6 7 8 9 |  9.3
Fighting       | 2 |  2.2
Dodging        | |  2.4
Stealth        | |  1.2

Action                     |  1- 3 |  4- 6 || total
---------------------------+-------+-------++-------
   Fire: Shortbow          |   106 |   145 ||   251
    Use: Scroll            |     6 |     4 ||    10
         Potion            |     2 |     1 ||     3
 Armour: Leather armour    |     2 |       ||     2
         Skin              |     4 |       ||     4
         Ring mail         |       |    30 ||    30
  Dodge: Dodged            |    16 |    45 ||    61

Table legend:
 A = Non-vault XP
 B = Vault XP
 C = Vault XP percentage of total XP
 D = Non-vault monster count
 E = Vault monster count
 F = Vault count percentage of total count
                 A         B        C        D         E       F
            +---------+---------+-------+---------+---------+-------
      Total |     343 |      56 |  14.0 |      80 |      25 |  23.8
            +---------+---------+-------+---------+---------+-------
        D:1 |      30 |       8 |  21.1 |      21 |       7 |  25.0
        D:2 |     117 |      12 |   9.3 |      31 |       6 |  16.2
        D:3 |      34 |      36 |  51.4 |      12 |      12 |  50.0
        D:4 |     162 |       0 |   0.0 |      16 |       0 |   0.0
            +---------+---------+-------+---------+---------+-------
